 Dungeon Crawl Stone Soup version 0.30-a0-23-ge60ba3568b (webtiles) character file.

Game seed: 7521681932922359010

28 kareem the Grave Robber (level 2, 19/19 HPs)
             Began as a Vampire Necromancer on Aug 24, 2022.
             Quit the game on level 2 of the Dungeon on Aug 25, 2022.
             The game lasted 00:01:56 (1556 turns).

kareem the Grave Robber (Vampire Necromancer)       Turns: 1556, Time: 00:01:57

Health: 19/19      AC:  2    Str:  7    XL:     2   Next: 96%
Magic:  5/5        EV: 12    Int: 17    God:
Gold:   33         SH:  0    Dex: 14    Spells: 4/5 levels left

rFire   . . .      SeeInvis +    e - +2 dagger (venom)
rCold   . . .      Faith    .    (no shield)
rNeg    . . .      Spirit   .    a - +0 robe
rPois   .          Reflect  .    (no helmet)
rElec   .          Harm     .    (no cloak)
rCorr   +          Rampage  .    (no gloves)
Will    .....                    (no boots)
Stlth   ++........               (no amulet)
HPRegen 0.26/turn                g - ring of resist corrosion
MPRegen 0.09/turn                (no ring)

@: healing quickly
A: alive, fangs 3, see invisible, vampiric 1
a: Exsanguinate


You were on level 2 of the Dungeon.
You visited 1 branch of the dungeon, and saw 2 of its levels.

You collected 33 gold pieces.

Inventory:

Hand Weapons
 d - a +0 hand axe
 e - a +2 dagger of venom (weapon)
Armour
 a - a +0 robe (worn)
Jewellery
 g - a ring of resist corrosion (left hand)
Scrolls
 h - 2 scrolls of identify {unknown}
 j - a scroll of enchant armour {unknown}
Potions
 b - a potion of magic
 c - a potion of curing {unknown}
 f - a potion of brilliance {unknown}
 i - a potion of mutation {unknown}


   Skills:
 - Level 0.1 Axes
 + Level 2.4 Dodging
 - Level 3.0 Stealth
 + Level 2.1 Spellcasting
 * Level 5.2 Necromancy


You had 4 spell levels left.
You knew the following spells:

 Your Spells              Type           Power      Damage    Failure   Level
a - Necrotise             Necr           76%        1d7       2%          1

Your spell library contained the following spells:

 Spells                   Type           Power      Damage    Failure   Level
 Vampiric Draining        Necr           19%        2d7       7%          3
 Animate Dead             Necr           19%        N/A       22%         4
 Agony                    Necr           19%        N/A       52%         5


Dungeon Overview and Level Annotations

Branches:
Dungeon (2/15)

Altars:


Innate Abilities, Weirdness & Mutations

Your natural rate of healing is accelerated.
You have razor-sharp teeth.
You have supernaturally acute eyesight. (SInv)
You are afflicted with vampirism.


Message History

You kill the frilled lizard!
The dead are walking!
Your ball python skeleton crumbles into dust!
You swap places.
You see here a +0 robe.
Found 3 stones.
Your frilled lizard skeleton crumbles into dust!
An endoplasm comes into view.
The endoplasm quivers.
The endoplasm writhes in agony.
The endoplasm writhes in agony!
You kill the endoplasm!
You see here a +0 robe.
You see here a +0 robe.
You see here 5 stones.
Done exploring.
Done exploring.
Okay, then.
Done exploring.
(D) Dungeon
Where to? (Enter - D:1 @ (x,y), ? - help)
There is an open door here.
You see here a +0 scale mail.
There is a stone staircase leading down here.
You climb downwards.
There is a stone staircase leading up here.
Okay, then.
A frilled lizard comes into view.
The frilled lizard hisses angrily.
The frilled lizard barely misses you.
The frilled lizard writhes in agony.
You kill the frilled lizard!
The dead are walking!
Magic restored.
Found 5 poisoned darts.
Your frilled lizard skeleton crumbles into dust!
j - a scroll labelled ZEANIPHOBAN Welcome back, kareem the Vampire Necromancer.
Press ? for a list of commands and other information.
Are you sure you want to abandon this character and quit the game? (Confirm with "yes".)

#..# ##..#
##...# ##..#.#
##..##.#
#...##.#
#####++###
#...# .#
.........#
#...# ..
#.@.###...# ##
#!.....#.......
#
#...##.#....[..
#...##.#.......
#...##.#.......
##
#...##.#.######
#. ######...#
... ###.. ##.
#..


There were no monsters in sight!

Vanquished Creatures
  4 dart slugs (D:1)
  3 endoplasms (D:1)
  2 giant cockroaches (D:1)
  2 goblins (D:1)
  A hobgoblin (D:1)
  A quokka (D:1)
  A ball python (D:1)
  A bat (D:1)
  3 frilled lizards
  A rat (D:1)
19 creatures vanquished.

Notes
Turn   | Place    | Note
-------+----------+-------------------------------------------
     0 | D:1      | kareem the Vampire Necromancer began the quest for the Orb.
     0 | D:1      | Reached XP level 1. HP: 13/13 MP: 3/3
   370 | D:1      | Reached XP level 2. HP: 17/19 MP: 0/5
   653 | D:1      | Reached skill level 5 in Necromancy
  1556 | D:2      | Quit the game

Illustrated notes

Levels and vault maps discovered:
D:1:      wheals_arrival_linesprint, layout_basic
D:2:      kennysheep_big_flooded_room, layout_basic, basic_altar

Skill      XL: |  1  2 |
---------------+-------+-----
Necromancy     | 5 |  5.2
Axes           | |  0.1
Dodging        | |  2.4
Stealth        | |  3.0
Spellcasting   | |  2.1

Action                   || total
-------------------------++-------
Melee: Unarmed           ||     6
       Hand axe          ||     6
       Bite              ||     3
 Cast: Necrotise         ||    31
 Stab: Sleeping          ||     1
Armor: Robe              ||     3
Dodge: Dodged            ||    17

Table legend: (Time is in decaauts)
 A = Elapsed time spent in this place.
 B = Non-inter-level travel time spent in this place.
 C = Inter-level travel time spent in this place.
 D = Time resting spent in this place.
 E = Time spent auto-exploring this place.
 F = Levels seen in this place.
 G = Mean time per level.
                   A        B        C        D        E       F      G
               +--------+--------+--------+--------+--------+-----+--------+
         Total |   1556 |   1440 |    116 |    133 |   1140 |   2 |  778.0 |
       Dungeon |   1556 |   1440 |    116 |    133 |   1140 |   2 |  778.0 |
               +--------+--------+--------+--------+--------+-----+--------+

Top non-repeatable levels by time:
     D:1: 1476 daAuts
     D:2: 79 daAuts
